 Dungeon Crawl Stone Soup version 0.19-a0-599-g723c685 (webtiles) character file.

10268 st0uf the Cleaver (level 11, -3/84 HPs)
             Began as a Formicid Fighter on June 12, 2016.
             Was an Elder of Uskayaw.
             Killed from afar by an orc sorcerer (16 damage)
             ... with a bolt of fire
             ... on level 1 of the Orcish Mines.
             The game lasted 00:44:18 (10515 turns).

st0uf the Cleaver (Formicid Fighter)               Turns: 10515, Time: 00:44:18

Health: -3/84      AC: 11    Str: 30    XL:     11   Next: 89%
Magic:  16/17      EV: 13    Int:  1    God:    Uskayaw [****..]
Gold:   798        SH:  7    Dex: 14    Spells: 0 memorised, 10 levels left

rFire  . . .     SeeInvis +     V - +1 war axe
rCold  . . .     Gourm    .     b - +0 scale mail
rNeg   . . .     Faith    .     E - +1 buckler {AC+3}
rPois  .         Spirit   .     (helmet unavailable)
rElec  .         Dismiss  .     (no cloak)
rCorr  .         Reflect  .     (no gloves)
SustAt .         Harm     .     (no boots)
MR     +....                    (no amulet)
Stlth  ..........               z - -6 ring of intelligence (curse)
                                j - +4 ring of dexterity

@: mighty, somewhat resistant to hostile enchantments, extremely unstealthy
A: permanent stasis, dig shafts and tunnels, four strong arms, antennae 3
a: Dig, Shaft Self, Stomp, Line Pass, Renounce Religion


You were on level 1 of the Orcish Mines.
You worshipped Uskayaw.
Uskayaw was greatly pleased with you.
You were not hungry.

You visited 2 branches of the dungeon, and saw 11 of its levels.
You also visited: Ossuary.

You collected 798 gold pieces.

Inventory:

Hand Weapons
 v - a +0 hunting sling
 V - a +1 war axe (weapon)
Missiles
 l - 38 sling bullets
 w - 175 stones (quivered)
Armour
 b - a +0 scale mail (worn)
 c - a +0 shield
 E - a +1 buckler of protection (worn)
 M - a +2 buckler
Jewellery
 i - an uncursed amulet of dismissal
 j - a +4 ring of dexterity (left hand)
 z - a cursed -6 ring of intelligence (right hand)
 K - an uncursed ring of magical power
 L - an uncursed ring of protection from magic
 N - an uncursed amulet of magic regeneration
Wands
 I - a wand of paralysis (5/24)
 O - a wand of flame (39/48)
 R - a wand of disintegration (13/24)
Scrolls
 e - 5 scrolls of identify
 m - 8 scrolls of fog
 q - 2 scrolls of magic mapping
 s - 3 scrolls of amnesia
 y - 4 scrolls of remove curse {unknown}
 B - 2 scrolls of recharging {unknown}
 D - a scroll of immolation {unknown}
 G - 3 scrolls of noise {unknown}
 S - a scroll of enchant weapon {unknown}
 U - a scroll of torment {unknown}
Potions
 d - a potion of might
 g - 3 potions of heal wounds {unknown}
 h - a potion of brilliance {unknown}
 n - 3 potions of mutation {unknown}
 o - 2 potions of lignification {unknown}
 p - a potion of berserk rage {unknown}
 r - a potion of flight {unknown}
 t - 7 potions of curing
 x - 5 potions of cure mutation {unknown}
 A - 2 potions of cancellation {unknown}
 C - a potion of resistance {unknown}
 J - a potion of agility {unknown}
 P - a potion of magic {unknown}
Books
 Q - a book of Enchantments

   Spells                             Type                      Level
   a - Cause Fear                     Hexes                        4
   b - Yara's Violent Unravelling     Hexes/Transmutation          5
   c - Silence                        Hexes/Air                    5
   d - Deflect Missiles               Charms/Air                   6
   e - Haste                          Charms                       6
   f - Discord                        Hexes                        8
 T - a Fen Folio

   Spells                             Type                      Level
   a - Corpse Rot                     Necromancy                   2
   b - Stone Arrow                    Conjuration/Earth            3
   c - Leda's Liquefaction            Hexes/Earth                  4
   d - Summon Forest                  Summoning/Translocation      5
   e - Hydra Form                     Transmutation                6
   f - Summon Hydra                   Summoning                    7
Comestibles
 a - 4 chunks of flesh
 f - 6 bread rations
 u - 3 beef jerkies
 F - 6 meat rations


   Skills:
 + Level 7.6 Fighting
 * Level 11.4 Axes
 + Level 7.8 Armour
 + Level 5.2 Dodging
 + Level 7.0 Shields
 * Level 8.7 Invocations


You had 10 spell levels left.
You didn't know any spells.

Dungeon Overview and Level Annotations

Branches:
Dungeon (9/15)             Temple (0/1) D:4            Lair (0/6) D:8
    Orc (2/2) D:9             Elf (0/3) Orc:2

Altars:
Cheibriados
Dithmenos
Elyvilon
Fedhas
Hepliaklqana
Kikubaaqudgha
Makhleb
Okawaru
Pakellas
Qazlal
Ru
Trog
Uskayaw
Vehumet
Yredelemnul
The Shining One

Shops:
D:4 (

Annotations:
D:2 1 exclusion


Innate Abilities, Weirdness & Mutations

You are under a permanent stasis effect.
You can dig through walls and to a lower floor.
Your four strong arms can wield two-handed weapons with a shield.
You have a pair of large antennae on your head. (SInv)


Message History

You hear a shout!
You block the ogre's attack.
Uskayaw will force your foes to helplessly watch your dance.
Uskayaw prepares the audience for your solo!
The helpless ogre fails to defend itself.
You dice the ogre like an onion!!!
You kill the ogre!
You slice the orc wizard!!
You kill the orc wizard!
Uskayaw will force your foes to share their pain.
You slash the orc sorcerer!
The orc sorcerer is moderately wounded.
The orc sorcerer hits you with a dagger.
* * * LOW HITPOINT WARNING * * *
Your magical contamination has completely faded away.
You closely miss the orc sorcerer.
The orc sorcerer is moderately wounded.
The orc sorcerer casts a spell at you. The bolt of fire hits you!
You die...

...##.##.##.##...#
#.... ..##.#
#####o...## ##.#.
. #.{..#.## ###.
##......$# ##
##..{.##.## #
#.#{### # ##{##
##o# #@## ###


You could see an orc sorcerer.

Vanquished Creatures
  An orc high priest (Orc:2)
  Pikel (D:5)
  An orc knight (Orc:2)
  An orc sorcerer (Orc:2)
  The ghost of st0uf the Chopper, a novice FoFi (D:4)
  2 trolls
  2 wraiths (D:9)
  4 yaks (D:9)
  A hungry ghost (D:7)
  Menkaure (D:6)
  2 water moccasins
  2 wargs
  A soldier ant (D:7)
  7 orc warriors
  A sky beast (D:6)
  4 ice beasts
  3 necrophages
  A wasp (D:8)
  11 ogres
  A black bear (D:8)
  3 phantoms
  3 centaurs
  4 elf zombies
  5 giant frogs
  6 killer bees (D:9)
  2 scorpions
  6 wights
  A howler monkey (D:4)
  2 crimson imps
  3 giant frog zombies
  A centaur zombie (Ossuary)
  5 human zombies
  A centaur skeleton (D:7)
  5 jellies
  7 orc priests
  19 orc wizards
  Natasha (thrice) (D:4)
  2 iguanas
  A statue (D:5)
  7 worker ants
  2 hound skeletons
  2 hound zombies
  5 mummies
  7 adders
  2 shadow imps (D:5)
  2 oozes
  2 adder skeletons (D:5)
  An adder zombie (Ossuary)
  5 worms
  3 dart slugs
  8 giant geckos
  20 orcs
  6 bats
  9 giant cockroaches
  11 goblins
  8 hobgoblins
  10 jackals
  7 quokkas
  A ball python (D:3)
  A giant gecko zombie (D:8)
  3 giant newts
  2 goblin zombies (Ossuary)
  13 hobgoblin zombies (Ossuary)
  2 jackal zombies (Ossuary)
  6 kobolds
  6 kobold zombies (Ossuary)
  6 orc zombies (Ossuary)
  14 rats
  A rat zombie (Ossuary)
299 creatures vanquished.

Vanquished Creatures (others)
  A slave (D:5)
  A crimson imp (D:5)
  A howler monkey zombie (D:5)
  An orc (Orc:2)
4 creatures vanquished.

Grand Total: 303 creatures vanquished

Notes
Turn   | Place    | Note
--------------------------------------------------------------
     0 | D:1      | st0uf the Formicid Fighter began the quest for the Orb.
     0 | D:1      | Reached XP level 1. HP: 18/18 MP: 1/1
    82 | D:1      | Reached XP level 2. HP: 19/24 MP: 2/2
   321 | D:1      | Reached XP level 3. HP: 23/29 MP: 3/3
   564 | D:2      | Found a faded altar of an unknown god.
   758 | D:2      | Reached XP level 4. HP: 37/37 MP: 4/4
   926 | D:2      | Found a shadowy altar of Dithmenos.
  1199 | D:2      | Reached skill level 3 in Axes
  1215 | D:2      | Noticed a dagger
  1216 | D:2      | Found a hide-covered altar of Uskayaw.
  1216 | D:2      | Noticed a dagger
  1219 | D:2      | Became a worshipper of Uskayaw the Reveler
  1352 | D:3      | Reached * piety under Uskayaw
  1520 | D:3      | Reached ** piety under Uskayaw
  1661 | D:3      | Found a glowing golden altar of the Shining One.
  1664 | D:3      | Found a stormy altar of Qazlal.
  1712 | D:3      | Reached XP level 5. HP: 42/42 MP: 5/5
  1728 | D:3      | Reached skill level 1 in Dodging
  2117 | D:4      | Found a sand-covered staircase.
  2132 | Ossuary  | Entered an ossuary
  2249 | Ossuary  | Reached *** piety under Uskayaw
  2262 | Ossuary  | Reached skill level 1 in Invocations
  2262 | Ossuary  | Reached XP level 6. HP: 43/48 MP: 6/6
  2264 | Ossuary  | Reached **** piety under Uskayaw
  2304 | Ossuary  | Reached skill level 4 in Axes
  2589 | Ossuary  | Reached skill level 5 in Shields
  2589 | Ossuary  | Reached XP level 7. HP: 21/54 MP: 5/8
  2829 | D:4      | Found Zeas's Weapon Shop.
  2919 | D:4      | Found a sacrificial altar of Ru.
  2964 | D:4      | Reached skill level 5 in Axes
  3159 | D:4      | Found a staircase to the Ecumenical Temple.
  3342 | D:4      | Reached XP level 8. HP: 37/61 MP: 5/10
  3380 | D:4      | Found a blossoming altar of Fedhas.
  3381 | D:4      | Noticed Natasha
  3430 | D:4      | Noticed st0uf's ghost (novice FoFi)
  3959 | D:4      | Killed Natasha
  4092 | D:4      | Found a bloodstained altar of Trog.
  4165 | D:4      | Noticed Natasha
  4170 | D:4      | Killed Natasha
  4176 | D:5      | Entered Level 5 of the Dungeon
  4186 | D:5      | Reached skill level 5 in Armour
  4380 | D:5      | Found a snail-covered altar of Cheibriados.
  4465 | D:5      | Found a radiant altar of Vehumet.
  4479 | D:5      | Reached skill level 6 in Axes
  4519 | D:5      | Noticed Pikel
  4536 | D:5      | Killed Pikel
  4536 | D:5      | Reached skill level 5 in Fighting
  4536 | D:5      | Reached XP level 9. HP: 22/68 MP: 12/12
  4575 | D:5      | Reached skill level 7 in Axes
  4591 | D:4      | Noticed Natasha
  4598 | D:4      | Killed Natasha
  4896 | D:5      | Reached skill level 5 in Invocations
  4922 | D:5      | Found a white marble altar of Elyvilon.
  4962 | D:5      | Found a blossoming altar of Fedhas.
  5165 | D:4      | Killed st0uf's ghost
  5379 | D:6      | Reached skill level 8 in Axes
  5448 | D:6      | Noticed Menkaure
  5452 | D:6      | Killed Menkaure
  5664 | D:6      | Reached XP level 10. HP: 74/75 MP: 14/14
  5664 | D:6      | Reached ***** piety under Uskayaw
  6119 | D:6      | Found an oddly glowing altar of Pakellas.
  6122 | D:6      | Found an iron altar of Okawaru.
  6125 | D:6      | Found a burning altar of Makhleb.
  6251 | D:7      | Found a basalt altar of Yredelemnul.
  6577 | D:7      | Reached skill level 9 in Axes
  8021 | D:8      | Found a staircase to the Lair.
  8670 | D:9      | Reached XP level 11. HP: 48/82 MP: 16/16
  8672 | D:9      | Reached skill level 10 in Axes
  8916 | D:9      | Found a staircase to the Orcish Mines.
  9422 | D:9      | Reached ****** piety under Uskayaw
  9429 | D:9      | Found an ancient bone altar of Kikubaaqudgha.
  9574 | D:9      | Found a hazy altar of Hepliaklqana.
  9738 | Orc:1    | Entered Level 1 of the Orcish Mines
  9904 | Orc:2    | Entered Level 2 of the Orcish Mines
  9904 | Orc:2    | Found a staircase to the Elven Halls.
  9966 | Orc:2    | Noticed an orc sorcerer
  9978 | Orc:2    | Killed an orc sorcerer
  9978 | Orc:2    | Reached skill level 11 in Axes
 10450 | Orc:2    | Noticed an orc knight
 10454 | Orc:2    | Noticed an orc high priest
 10460 | Orc:2    | HP: 1/82 [orc warrior/flail of venom (24)]
 10468 | Orc:2    | Killed an orc knight
 10468 | Orc:2    | Reached skill level 5 in Dodging
 10471 | Orc:2    | Killed an orc high priest
 10482 | Orc:2    | Noticed an orc sorcerer
 10484 | Orc:1    | Noticed an orc sorcerer
 10503 | Orc:1    | HP: 4/84 [warg (7)]
 10515 | Orc:1    | Killed from afar by an orc sorcerer

Vault maps used:
D:1:      onia_arrival_larder
D:2:      lemuel_round_altar, dancing_weapons_uskayaw, ecumenical_altar_2,
          uniq_crazy_yiuf_cottage
D:3:      nicolae_overflow_hidden_temple, first_bread, kennysheep_generic_room_3
D:4:      nicolae_ru_sacrificial_ziggurat, bloody_trog,
          minmay_temple_entry_water_ring, enter_ossuary_2, serial_shops, shop,
          lemuel_tele_altar, uniq_natasha
D:5:      slow_altar_1, nicolae_overflow_crystal_walls, kennysheep_mini,
          vehumet_statue, st_stairs_3, grunt_decor_cap, kennysheep_potato,
          uniq_pikel
D:6:      grunt_temple_overflow_diamond, uniq_menkaure
D:7:      lemuel_round_altar
D:8:      lair_0_dummy
D:9:      lemuel_round_altar, lemuel_mausoleum_altar_kikubaaqudgha, orc_0_dummy
Orc:1:    nicolae_orc_flooded_monolith
Orc:2:    grunt_orc_cross, basic_altar
Ossuary:  ossuary_tomb_1

Skill      XL: |  1  2  3  4  5  6  7  8  9 10 11 |
---------------+----------------------------------+-----
Shields        | 4 5 6 7 |  7.0
Axes           | 3 4 5 6 8 9 11 | 11.4
Dodging        | 1 2 3 4 5 |  5.2
Armour         | 4 5 6 7 |  7.8
Invocations    | 1 3 4 5 7 8 |  8.7
Fighting       | 4 5 6 7 |  7.6

Action                   |  1- 3 |  4- 6 |  7- 9 | 10-12 || total
-------------------------+-------+-------+-------+-------++-------
Melee: War axe           |   126 |   235 |   246 |   476 ||  1083
Invok: Line Pass         |       |     1 |     3 |       ||     4
       Stomp             |       |       |       |    28 ||    28
       Grand Finale      |       |       |       |     1 ||     1
 Abil: Dig               |     1 |     2 |     1 |     1 ||     5
Evoke: Wand              |       |       |       |     1 ||     1
  Use: Scroll            |       |     7 |       |     1 ||     8
       Potion            |       |       |       |     5 ||     5
 Stab: Paralysed         |       |     5 |     8 |    34 ||    47
       Confused          |       |       |     1 |       ||     1
       Invisible         |       |       |       |     1 ||     1
  Eat: Chunk             |       |     5 |     8 |    21 ||    34
       Meat ration       |       |     1 |       |       ||     1
       Pizza             |       |       |       |     1 ||     1
Armor: Scale mail        |    59 |    76 |    55 |   132 ||   322
Dodge: Dodged            |    48 |    62 |   103 |   233 ||   446
Block: Shield            |    68 |   123 |    11 |       ||   202
       Buckler           |       |       |    40 |   144 ||   184
